 Dungeon Sprint DCSS version 0.17-a0-1667-g4ca74a1 (webtiles) character file.

5295 Kidiri the Unseen (level 10, -10/44 HPs)
             Began as a Spriggan Enchanter on Aug 17, 2015.
             Was a Believer of Dithmenos.
             Killed from afar by a crystal guardian (16 damage)
             ... with a crystal bolt
             ... in the Dungeon (Sprint II: "The Violet Keep of Menkaure").
             The game lasted 00:25:03 (2898 turns).

Kidiri the Unseen (Spriggan Enchanter)              Turns: 2898, Time: 00:25:03

Health: -10/44     AC: -4    Str:  4    XL:     10   Next: 37%
Magic:  14/27      EV: 32    Int: 20    God:    Dithmenos [**....]
Gold:   905        SH:  5    Dex: 19    Spells: 5 memorised, 22 levels left

rFire  + + .     SeeInvis +     c - +1 dagger of Uncertain Death {freeze, Int+2}
rCold  + . .     Clarity  .     e - +1 robe "Bamp" {rElec rF++ rN+ Slay-5}
rNeg   + . .     SustAt   .     f - -2 buckler of Monotheism {*Corrode rC+ MR+}
rPois  .         Gourm    .     (helmet restricted)
rElec  +         Spirit   .     (no cloak)
rCorr  .         Warding  .     (gloves unavailable)
rMut   .         NoTele   +     (boots unavailable)
MR     ++...                    (no amulet)
Stlth  +++++++++.               (no ring)
                                (no ring)

@: corroded equipment, wreathed by umbra, very quick, very resistant to hostile
enchantments, incredibly stealthy
A: unfitting armour, see invisible, herbivore 3, speed 3, slow metabolism 2
a: Shadow Step, Renounce Religion


You were in the Dungeon.
You worshipped Dithmenos.
Dithmenos was pleased with you.
You were not hungry.

You visited 1 branch You collected 1437 gold pieces.
You spent 532 gold pieces at shops.

Inventory:

Hand weapons
 c - the +1 dagger of Uncertain Death (weapon) {freeze, Int+2}
   (You bought it in a shop in the Dungeon)

   It has been specially enchanted to freeze those struck by it, causing extra
   injury to most foes and up to half again as much damage against particularly
   susceptible opponents.
   It can also slow down cold-blooded creatures.
   It affects your intelligence (+2).
Armour
 e - the +1 robe "Bamp" (worn) {rElec rF++ rN+ Slay-5}
   (You bought it in a shop in the Dungeon)

   It affects your accuracy and damage with ranged weapons and melee attacks
   (-5).
   It greatly protects you from fire.
   It insulates you from electricity.
   It protects you from negative energy.
 f - the -2 buckler of Monotheism (worn) {*Corrode rC+ MR+}
   (You bought it in a shop in the Dungeon)

   It protects you from cold.
   It affects your resistance to hostile enchantments.
   It may corrode your equipment when you take damage.
Scrolls
 j - 3 scrolls of blinking
 o - 2 scrolls of remove curse
Potions
 g - a potion of haste
 h - 5 potions of magic
 i - a potion of berserk rage
 l - a potion of cure mutation
 q - 3 potions of resistance
 r - 3 potions of flight
Comestibles
 b - 4 fruits
 d - a bread ration


   Skills:
 + Level 8.4 Short Blades
 + Level 3.4 Armour
 * Level 14.9 Dodging
 * Level 16.2 Stealth
 + Level 3.3 Shields
 * Level 12.9 Spellcasting
 + Level 5.3 Conjurations
 + Level 10.0 Hexes
 + Level 5.7 Ice Magic
 + Level 3.4 Invocations


You had 22 spell levels left.
You knew the following spells:

 Your Spells              Type           Power        Failure   Level  Hunger
a - Corona                Hex            ######.      1%          1    None
b - Ensorcelled Hibernat  Hex/Ice        #####.       1%          2    None
c - Confuse               Hex            ######..     1%          3    None
d - Tukima's Dance        Hex            ######..     1%          3    None
e - Dazzling Spray        Conj/Hex       #####...     1%          3    None


Dungeon Overview and Level Annotations

Branches:
Dungeon (1/1)

Altars:
Cheibriados
Dithmenos
Elyvilon
Fedhas
Gozag
Kikubaaqudgha
Makhleb
Nemelex Xobeh
Okawaru
Qazlal
Ru
Sif Muna
Trog
Vehumet
Xom
Yredelemnul
Zin
The Shining One
Beogh
Jiyva
Lugonu

Shops:
D :!:[[%=(=}?%=(!?

Annotations:
D exclusion: oklob plant


Innate Abilities, Weirdness & Mutations

You are tiny and cannot use many weapons and most armour.
You have supernaturally acute eyesight.
You are a herbivore.
You cover ground extremely quickly.
You need consume almost no food.


Message History

Press: ? - help, Shift-Dir - straight line, f/p - swamp drake
Aim: a swamp drake (almost dead, catching its breath, umbra)
The spray of energy hits the swamp drake.
You kill the swamp drake!
Dithmenos accepts your kill.
The crystal guardian fires a crystalline bolt at you.
The crystal bolt freezes you! You resist.
Ouch! That really hurt!
* * * LOW HITPOINT WARNING * * *
There is an open door here.
Casting: Dazzling Spray
Confirm with . or Enter, or press ? or * to list all spells.
Aiming: Dazzling Spray
Press: ? - help, Shift-Dir - straight line, f - crystal guardian
Aim: a crystal guardian (freezing vapour)
The spray of energy hits the crystal guardian.
The crystal guardian is lightly damaged.
The crystal guardian fires a crystalline bolt at you.
The crystal bolt freezes you! You resist.
You die...

.. .#|§▓.[.)(..[▓▓ #.
.#:)▓(...%(..▓▓
+.##.#|=▓..(.(...▓▓
.^.####▓[[.%.[..▓▓
###..##.#▓.).)([.(▓▓
[.†..#..#▓)..))())▓▓
[.#..#..#▓(.....(.▓▓
###.k##.#▓.).?.(.(▓▓
.###8..##▓▓▓▓▓▓▓@▓▓▓▓+▓
...≈≈≈≈≈≈≈≈k8§§§...≈≈≈▓
§..≈#+########+###.≈.≈▓
≈*.≈#.._._...#§§§##≈≈≈▓
{≈w≈#._._._..#§§≈§####▓▓
§{{≈#.._._._.#§§§§§##..#
wX≈≈#.⌠._._._#§§§≈≈§#.%#
≈≈§≈#.._._._.#§§§§≈§+..+
##§≈#..._._._#≈§§≈§§#.[#


You could see a crystal guardian and a swamp drake.

Vanquished Creatures
  An ice dragon (D)
  2 death drakes (D)
  2 deep trolls (D)
  A siren (D)
  A yaktaur (D)
  3 polar bears (D)
  2 boulder beetles (D)
  2 hippogriffs (D)
  A vampire mosquito (D)
  Menkaure (D)
  A swamp drake (D)
  4 crocodiles (D)
  A wasp (D)
  4 brain worms (D)
26 creatures vanquished.

Vanquished Creatures (others)
  34 tentacles (D)
  1808 tentacle segments (D)
1842 creatures vanquished.

Grand Total: 1868 creatures vanquished

Notes
Turn   | Place    | Note
--------------------------------------------------------------
     0 | D        | Kidiri the Spriggan Enchanter began the quest for the Orb.
     0 | D        | Reached XP level 1. HP: 9/9 MP: 5/5
     1 | D        | Noticed a boulder beetle
     1 | D        | Noticed a boulder beetle
     4 | D        | Noticed a hippogriff
     4 | D        | Noticed a hippogriff
     8 | D        | Noticed a brain worm
    11 | D        | Noticed a siren
    17 | D        | Killed a brain worm
    17 | D        | Reached skill level 6 in Dodging
    17 | D        | Reached skill level 7 in Stealth
    17 | D        | Reached skill level 5 in Spellcasting
    17 | D        | Reached XP level 2. HP: 13/13 MP: 6/9
    17 | D        | Reached XP level 3. HP: 16/16 MP: 6/10
    21 | D        | Learned a level 2 spell: Ensorcelled Hibernation
    25 | D        | Learned a level 3 spell: Confuse
    29 | D        | Learned a level 3 spell: Tukima's Dance
    33 | D        | Learned a level 3 spell: Dazzling Spray
    51 | D        | Noticed a brain worm
    52 | D        | Killed a brain worm
    52 | D        | Reached skill level 8 in Stealth
    52 | D        | Reached skill level 1 in Conjurations
    52 | D        | Reached skill level 5 in Hexes
    52 | D        | Reached skill level 1 in Ice Magic
    52 | D        | Reached XP level 4. HP: 21/21 MP: 11/13
    53 | D        | Noticed a brain worm
    53 | D        | Noticed a brain worm
    60 | D        | Killed a brain worm
    60 | D        | Reached skill level 9 in Stealth
    60 | D        | Reached XP level 5. HP: 24/24 MP: 9/15
    66 | D        | Killed a brain worm
    66 | D        | Reached skill level 10 in Stealth
    80 | D        | Noticed Menkaure
    91 | D        | Killed Menkaure
    91 | D        | Reached XP level 6. HP: 26/28 MP: 0/17
   285 | D        | Killed a hippogriff
   285 | D        | Reached skill level 5 in Short Blades
   285 | D        | Reached skill level 10 in Dodging
   285 | D        | Reached skill level 11 in Stealth
   293 | D        | Killed a hippogriff
   293 | D        | Reached XP level 7. HP: 32/32 MP: 17/20
   315 | D        | Killed a siren
   315 | D        | Reached skill level 12 in Stealth
   316 | D        | Noticed an obsidian statue
   447 | D        | Killed a boulder beetle
   447 | D        | Reached skill level 10 in Spellcasting
   447 | D        | Reached XP level 8. HP: 36/36 MP: 23/23
   453 | D        | Killed a boulder beetle
   453 | D        | Reached skill level 13 in Stealth
   473 | D        | Noticed an orange crystal statue
   474 | D        | Noticed a kraken
   496 | D        | Found Merphy's Magic Scroll Shop.
   498 | D        | Found Taethrua's Distillery.
   500 | D        | Found Hacaek Bieli's Jewellery Boutique.
   500 | D        | Found Isuvy's Food Shop.
   502 | D        | Found Zatsat's Gadget Shop.
   502 | D        | Found Wipay's Jewellery Boutique.
   503 | D        | Found Jil Quol's Food Boutique.
   503 | D        | Found Heore's Antique Armour Shop.
   504 | D        | Noticed a vampire mosquito
   522 | D        | Killed a vampire mosquito
   719 | D        | Found Muoshin's Book Shop.
   719 | D        | Found Wyblett's Antique Weapon Shop.
   719 | D        | Found Puumupto's Distillery.
   720 | D        | Found Xoos Mye's Magic Scroll Shop.
   720 | D        | Found Yloafin Jua's Antique Armour Boutique.
   720 | D        | Noticed a soldier ant
   721 | D        | Found Waorghem's Antique Weapon Shop.
   721 | D        | Found Nytt's Jewellery Boutique.
   723 | D        | Noticed a soldier ant
   723 | D        | Noticed a soldier ant
   723 | D        | Noticed an oklob plant
   724 | D        | Found Dotatoh's Book Shoppe.
   725 | D        | Noticed a hell hog
   726 | D        | Noticed a hell hog
   730 | D        | Noticed a great orb of eyes
   744 | D        | Bought a fine dagger for 161 gold pieces
   747 | D        | Bought a fine robe for 153 gold pieces
   755 | D        | Bought a scorched buckler for 218 gold pieces
   765 | D        | Identified the +1 robe "Bamp" {rElec rF++ rN+ Slay-5} (You bought it in a shop in the Dungeon)
   770 | D        | Identified the -2 buckler of Monotheism {*Corrode rC+ MR+} (You bought it in a shop in the Dungeon)
   770 | D        | Identified the cursed +1 dagger of Uncertain Death {freeze, Int+2} (You bought it in a shop in the Dungeon)
   803 | D        | Noticed a kraken
   915 | D        | Found a viscous altar of Jiyva.
   916 | D        | Found a snail-covered altar of Cheibriados.
   916 | D        | Found an iron altar of Okawaru.
   916 | D        | Found a corrupted altar of Lugonu.
   917 | D        | Found a white marble altar of Elyvilon.
   917 | D        | Found a sparkling altar of Nemelex Xobeh.
   917 | D        | Found a glowing golden altar of the Shining One.
   918 | D        | Found a shimmering altar of Xom.
   918 | D        | Found a burning altar of Makhleb.
   918 | D        | Found a glowing silver altar of Zin.
   918 | D        | Found a deep blue altar of Sif Muna.
   919 | D        | Found a radiant altar of Vehumet.
   919 | D        | Found a bloodstained altar of Trog.
   919 | D        | Found an opulent altar of Gozag.
   919 | D        | Found a shadowy altar of Dithmenos.
   919 | D        | Noticed a polar bear
   924 | D        | Noticed a polar bear
   924 | D        | Noticed a polar bear
   929 | D        | Noticed a wasp
   930 | D        | Noticed a yaktaur
  1587 | D        | Killed a polar bear
  1610 | D        | Killed a polar bear
  1610 | D        | Reached skill level 1 in Armour
  1610 | D        | Reached skill level 1 in Shields
  2036 | D        | Killed a wasp
  2064 | D        | Killed a polar bear
  2064 | D        | Reached skill level 14 in Stealth
  2064 | D        | Reached XP level 9. HP: 18/39 MP: 7/25
  2360 | D        | Killed a yaktaur
  2362 | D        | Found an ancient bone altar of Kikubaaqudgha.
  2362 | D        | Found a roughly hewn altar of Beogh.
  2363 | D        | Found a sacrificial altar of Ru.
  2363 | D        | Found a stormy altar of Qazlal.
  2363 | D        | Found a blossoming altar of Fedhas.
  2364 | D        | Found a basalt altar of Yredelemnul.
  2370 | D        | Noticed a crocodile
  2378 | D        | Became a worshipper of Dithmenos the Shadowed
  2380 | D        | Noticed a flying skull
  2382 | D        | Noticed a flying skull
  2387 | D        | Noticed a crocodile
  2409 | D        | Noticed a crocodile
  2493 | D        | Noticed a crocodile
  2499 | D        | Killed a crocodile
  2649 | D        | Killed a crocodile
  2651 | D        | Killed a crocodile
  2654 | D        | Killed a crocodile
  2676 | D        | Noticed an ice statue
  2712 | D        | Noticed a deep troll
  2713 | D        | Noticed a deep troll
  2715 | D        | Killed a deep troll
  2715 | D        | Reached skill level 15 in Stealth
  2715 | D        | Reached skill level 5 in Ice Magic
  2715 | D        | Reached skill level 1 in Invocations
  2716 | D        | Killed a deep troll
  2716 | D        | Acquired Dithmenos's first power
  2846 | D        | Noticed a swamp drake
  2847 | D        | Noticed a death drake
  2849 | D        | Noticed an ice dragon
  2850 | D        | Noticed a crystal guardian
  2850 | D        | Noticed a swamp drake
  2853 | D        | Killed an ice dragon
  2853 | D        | Reached skill level 5 in Conjurations
  2853 | D        | Reached XP level 10. HP: 44/44 MP: 27/27
  2866 | D        | Noticed a death drake
  2868 | D        | Killed a death drake
  2868 | D        | Reached skill level 16 in Stealth
  2871 | D        | Killed a death drake
  2871 | D        | Reached skill level 10 in Hexes
  2896 | D        | Killed a swamp drake
  2898 | D        | Killed from afar by a crystal guardian

Vault maps used:
D:        the_violet_keep_of_menkaure

Action                   |  1- 3 |  4- 6 |  7- 9 | 10-12 || total
-------------------------+-------+-------+-------+-------++-------
Melee: Dagger            |     2 |    14 |    74 |     5 ||    95
 Cast: Ensorcelled Hiber |       |     5 |    10 |     5 ||    20
       Dazzling Spray    |       |     1 |    37 |     3 ||    41
       Tukima's Dance    |       |       |     2 |       ||     2
       Confuse           |       |       |     8 |       ||     8
  Use: Potion            |       |       |     4 |     4 ||     8
       Scroll            |       |       |     6 |       ||     6
 Stab: Sleeping          |     2 |     4 |     8 |     2 ||    16
       Confused          |       |       |     5 |       ||     5
       Invisible         |       |       |     2 |       ||     2
